 Dungeon Crawl Stone Soup version 0.28-a0-804-g60983d4ba9 (webtiles) character file.

Game seed: 8975790258035765193

8810 kae the Summoner (level 11, -7/68 HPs)
             Began as a Tengu Summoner on Nov 7, 2021.
             Was an Initiate of Ashenzari.
             Mangled by a komodo dragon (18 damage)
             ... on level 2 of the Lair of Beasts.
             The game lasted 00:15:12 (17815 turns).

kae the Summoner (Tengu Summoner)                  Turns: 17815, Time: 00:15:12

Health: -7/68      AC: 24    Str:  9    XL:     11   Next: 36%
Magic:  5/23       EV: 16    Int: 22    God:    Ashenzari [......]
Gold:   162        SH:  0    Dex: 14    Spells: 11/24 levels left

rFire   + + +      SeeInvis +   q - +5 whip "Cursed With Me" {protect, rF++ SInv, Comp, Evo} (curse)
rCold   + . .      Faith    .   (no shield)
rNeg    + . .      Spirit   .   J - +7 ring mail of Goipnev {rF+ MP-9 Int+3}
rPois   .          Reflect  .   (helmet restricted)
rElec   .          Harm     .   v - scarf {rC+ rF+}
rCorr   .          Rampage  .   E - +0 pair of gloves "Cydduthri" {rF+ rN+}
Will    .....                   (boots unavailable)
Stlth   +.........              B - amulet of the acrobat
HPRegen 0.21/turn               g - +4 ring of protection
MPRegen 0.18/turn               C - ring of magical power

@: under a protective aura, flying quickly and evasively, studying Maces &
Flails, quick
A: beak, talons 3, nimble flight
a: Renounce Religion, Curse Item, Shatter the Chains


You were on level 2 of the Lair of Beasts.
You worshipped Ashenzari.
Ashenzari was noncommittal.
You visited 3 branches of the dungeon, and saw 13 of its levels.
You also visited: Ossuary.

You collected 772 gold pieces.
You spent 610 gold pieces at shops.

Inventory:

Hand Weapons
 c - a +3 vorpal dagger
 d - a +0 dagger
 q - the cursed +5 whip "Cursed With Me" (weapon) {protect, rF++ SInv, Comp, Evo}
   (You found it on level 5 of the Dungeon)

   It grants its wielder temporary protection when it strikes (+7 to AC).
   rF:        It greatly protects you from fire.
   SInv:      It lets you see invisible.
   It has a curse which improves the following skills: Companions: Summonings
   and Necromancy.
   Evocations: Evocations.
Armour
 a - a +1 robe
 v - a scarf of resistance (worn)
 E - the +0 pair of gloves "Cydduthri" (worn) {rF+ rN+}
   (You bought it in a shop on level 2 of the Dungeon)

   rF:        It protects you from fire.
   rN:        It protects you from negative energy.
 J - the +7 ring mail of Goipnev (worn) {rF+ MP-9 Int+3}
   (You bought it in a shop on level 2 of the Dungeon)

   Int:       It affects your intelligence (+3).
   rF:        It protects you from fire.
   MP:        It affects your magic capacity (-9).
Jewellery
 g - a +4 ring of protection (left hand)
 j - a +6 ring of dexterity
 B - an amulet of the acrobat (around neck)
 C - a ring of magical power (right hand)
Wands
 k - a wand of paralysis (5)
 p - a wand of digging (6)
 r - a wand of iceblast (12)
 s - a wand of mindburst (49)
 z - a wand of flame (13)
 A - a wand of acid (9)
Scrolls
 i - 7 scrolls of teleportation
 x - a scroll of fog
 y - a scroll of brand weapon
 D - 2 scrolls of holy word
 G - a scroll of amnesia
 L - a scroll of enchant weapon
Potions
 b - 7 potions of curing
 e - 3 potions of might
 h - 2 potions of resistance
 l - 7 potions of haste {unknown}
 m - 4 potions of heal wounds
 n - 2 potions of magic {unknown}
 o - 3 potions of brilliance {unknown}
 w - 3 potions of attraction
 F - 2 potions of ambrosia
 H - a potion of mutation
 I - a potion of lignification


   Skills:
 + Level 7.7 Fighting
 + Level 8.9 Dodging
 - Level 2.0 Stealth
 + Level 7.4 Spellcasting
 * Level 13.9(14.4) Summonings


You had 11 spell levels left.
You knew the following spells:

 Your Spells              Type           Power      Damage    Failure   Level
a - Summon Small Mammal   Summ           100%       N/A       1%          1
b - Call Imp              Summ           64%        N/A       1%          2
c - Call Canine Familiar  Summ           64%        N/A       1%          3
d - Summon Guardian Gole  Hex/Summ       39%        N/A       3%          3
e - Summon Lightning Spi  Summ/Air       39%        N/A       12%         4

Your spell library contained the following spells:

 Spells                   Type           Power      Damage    Failure   Level
 Animate Skeleton         Necr           16%        N/A       22%         1
 Apportation              Tloc           16%        N/A       22%         1
 Slow                     Hex            32%        N/A       22%         1
 Corpse Rot               Necr/Air       16%        N/A       32%         2
 Poisonous Vapours        Pois/Air       16%        N/A       32%         2
 Confusing Touch          Hex            8%         N/A       54%         3
 Ozocubu's Armour         Ice            8%         N/A       54%         3
 Vampiric Draining        Necr           8%         2d6       54%         3
 Ozocubu's Refrigeration  Ice            4%         4d5       100%        7


Dungeon Overview and Level Annotations

Branches:
Dungeon (10/15)            Temple (1/1) D:6            Lair (1/6) D:9
    Orc (0/2) D:9         Ossuary (visited)

Altars:
Ashenzari
Cheibriados
Dithmenos
Elyvilon
Fedhas
Gozag
Hepliaklqana
Kikubaaqudgha
Makhleb
Nemelex Xobeh
Okawaru
Qazlal
Ru
Sif Muna
Trog
Uskayaw
Vehumet
Wu Jian
Xom
Yredelemnul
Zin
The Shining One

Shops:
D:2 [[=*!   D:9 *

Annotations:
D:3 1 runed translucent door, exclusion: sky beast, Crazy Yiuf
D:7 2 transporters
D:8 Maurice
D:10 Snorg


Innate Abilities, Weirdness & Mutations

You have a beak for a mouth.
You have claws for feet.
Your magical nature lets you fly swiftly and evasively.


Message History

The komodo dragon is moderately wounded.
The komodo dragon bites you but does no damage.
You hit the komodo dragon.
The komodo dragon is moderately wounded.
The komodo dragon bites you but does no damage.
You hit the komodo dragon but do no damage.
You claw the komodo dragon.
The komodo dragon is heavily wounded.
The komodo dragon bites you but does no damage.
You barely miss the komodo dragon. Your kick misses the komodo dragon.
The komodo dragon is heavily wounded.
The komodo dragon bites you!
You hit the komodo dragon but do no damage.
The komodo dragon is heavily wounded.
The komodo dragon barely misses you. x2
You hit the komodo dragon but do no damage.
You claw the komodo dragon, but do no damage.
You peck the komodo dragon.
The komodo dragon is heavily wounded.
The komodo dragon barely misses you.
You hit the komodo dragon.
The komodo dragon is heavily wounded.
The komodo dragon misses you.
You hit the komodo dragon but do no damage.
The komodo dragon is heavily wounded.
The komodo dragon bites you!
You hit the komodo dragon but do no damage.
The komodo dragon is heavily wounded.
The komodo dragon bites you!
* * * LOW HITPOINT WARNING * * *
You hit the komodo dragon.
The komodo dragon is severely wounded.
The komodo dragon bites you but does no damage.
You hit the komodo dragon.
The komodo dragon is severely wounded.
The komodo dragon misses you.
You hit the komodo dragon but do no damage.
The komodo dragon is severely wounded.
The komodo dragon bites you!!
You die...

#######..# ##.
.........## #..
####.....# #.. ###
#.#.... ##... #.#
##..... #.P..##..
#...#. P.......####
##..###
.......9...#######..#.#
......l@............###
.............########
.##P###.P#.#.# #
########


You could see a komodo dragon (ally target) and a friendly guardian golem
(summoned).

Vanquished Creatures
  A cane toad (Lair:1)
  A rime drake (Lair:1)
  A komodo dragon (D:9)
  2 trolls (D:10)
  A wyvern (D:9)
  A yak (D:7)
  2 steam dragons
  Menkaure (D:6)
  2 water moccasins
  A nameless horror (Lair:2)
  An ice beast (D:7)
  A sky beast (D:6)
  3 orc warriors
  4 centaurs
  A kobold brigand (D:8)
  3 bullfrogs
  2 scorpions (D:5)
  4 wights (D:7)
  3 killer bees
  A vampire bat (D:4)
  A hound (D:5)
  2 centaur zombies
  A bullfrog skeleton (D:6)
  4 orc priests
  A centaur skeleton (D:6)
  2 jellies
  3 iguanas
  8 orc wizards
  A hound zombie (D:5)
  2 hound skeletons (D:4)
  3 mummies (Ossuary)
  A howler monkey zombie (D:6)
  5 adders
  An ufetubus (D:5)
  A worm (D:2)
  2 dart slugs (D:1)
  2 fire bats (D:4)
  20 orcs
  2 spectral bats (D:4)
  3 ball pythons
  12 bats
  3 bat skeletons (D:4)
  A bat zombie (D:4)
  4 endoplasms
  3 giant cockroaches
  2 gnoll zombies (Ossuary)
  8 goblins
  3 hobgoblins
  A jackal (D:4)
  8 kobolds
  A bat simulacrum (D:4)
  4 frilled lizards
  A hobgoblin zombie (Ossuary)
  2 kobold zombies (Ossuary)
  A spectral orc (D:5)
155 creatures vanquished.

Vanquished Creatures (collateral kills)
  A two-headed ogre (D:9)
  2 komodo dragons (D:9)
  2 yaks (D:7)
  A wraith (D:9)
  A wyvern (D:8)
  A steam dragon (D:8)
  A water moccasin (D:6)
  2 ice beasts (D:7)
  5 orc warriors
  A black bear (D:8)
  An ogre (D:5)
  A centaur (D:9)
  A water moccasin zombie (D:5)
  6 killer bees
  A howler monkey (D:5)
  A wight (D:7)
  A nameless horror (D:8)
  2 jellies
  An orc priest (D:9)
  7 orc wizards
  6 mummies
  Robin (D:3)
  A howler monkey skeleton (D:6)
  4 adders
  2 ufetubi
  An adder skeleton (D:4)
  A worm (D:4)
  A dart slug (D:5)
  A fire bat (D:4)
  19 orcs
  A ball python (D:4)
  2 endoplasms
  A giant cockroach (D:1)
  7 goblins
  2 hobgoblins
  A jackal (D:4)
  A quokka (D:1)
  2 bats
  A frilled lizard (D:3)
  A hobgoblin zombie (Ossuary)
  5 kobolds
  2 kobold zombies (Ossuary)
  A quokka skeleton (D:4)
103 creatures vanquished.

Vanquished Creatures (others)
  A wyvern (D:9)
  2 orc warriors (D:9)
  An orc priest (D:9)
  An orc wizard (D:9)
  A plant (Lair:2)
6 creatures vanquished.

Grand Total: 264 creatures vanquished

Notes
Turn   | Place    | Note
-------+----------+-------------------------------------------
     0 | D:1      | kae the Tengu Summoner began the quest for the Orb.
     0 | D:1      | Reached XP level 1. HP: 10/10 MP: 4/4
   470 | D:1      | Reached skill level 5 in Summonings
   517 | D:1      | Reached XP level 2. HP: 12/16 MP: 4/6
   892 | D:1      | Learned a level 2 spell: Call Imp
  1246 | D:1      | Reached XP level 3. HP: 20/20 MP: 7/7
  1250 | D:1      | Learned a level 3 spell: Call Canine Familiar
  1326 | D:2      | Found Xag Aff's Armour Emporium.
  1352 | D:2      | Reached skill level 1 in Fighting
  1584 | D:2      | Found Gamux's Assorted Antiques.
  1590 | D:2      | Bought a cyan potion for 19 gold pieces
  1590 | D:2      | Bought a scroll labelled WEMOCINOGE for 22 gold pieces
  1611 | D:2      | Found Utsuas's Jewellery Shoppe.
  1794 | D:2      | Found Myunuine's Antique Armour Emporium.
  2078 | D:2      | Reached XP level 4. HP: 13/25 MP: 5/8
  2263 | D:2      | Found Saz Hible's Distillery.
  2676 | D:3      | Found a runed translucent door.
  2677 | D:3      | Noticed Crazy Yiuf
  2726 | D:3      | Noticed a sky beast
  2946 | D:3      | Noticed Robin
  3388 | D:3      | Killed Robin
  3829 | D:2      | Bought a potion of degeneration for 12 gold pieces
  3993 | D:4      | Reached skill level 6 in Summonings
  3993 | D:4      | Gained mutation: Your magical nature lets you fly swiftly
                  | and evasively. [Tengu growth]
  3993 | D:4      | Reached XP level 5. HP: 26/28 MP: 7/10
  4410 | D:4      | Noticed an orc warrior
  4414 | D:4      | Reached XP level 6. HP: 35/35 MP: 6/11
  4435 | D:4      | Killed an orc warrior
  4495 | D:4      | Reached skill level 7 in Summonings
  4562 | D:4      | Reached XP level 7. HP: 38/40 MP: 13/13
  5428 | D:5      | Entered Level 5 of the Dungeon
  5479 | D:5      | Reached skill level 8 in Summonings
  5646 | D:5      | Found an ornate altar of the Wu Jian Council.
  5756 | D:5      | Reached XP level 8. HP: 46/47 MP: 11/15
  5770 | D:5      | Identified the +5 whip of the Other Side {protect, rF++
                  | SInv}
  5784 | D:5      | Found a basalt altar of Yredelemnul.
  6189 | D:5      | Found an iron altar of Okawaru.
  6194 | D:5      | Found a glowing silver altar of Zin.
  6715 | D:6      | Noticed Menkaure
  6729 | D:6      | Killed Menkaure
  6730 | D:6      | Reached skill level 5 in Dodging
  7111 | D:6      | Reached skill level 9 in Summonings
  7286 | D:6      | Found a blossoming altar of Fedhas.
  7288 | D:6      | Found a staircase to the Ecumenical Temple.
  7304 | Temple   | Entered the Ecumenical Temple
  7480 | Temple   | Became a worshipper of Ashenzari the Shackled
  7893 | D:6      | Reached XP level 9. HP: 52/52 MP: 13/17
  8244 | D:7      | Reached skill level 5 in Spellcasting
  8264 | D:7      | Reached skill level 10 in Summonings
  8277 | D:7      | Reached skill level 5 in Fighting
  8291 | D:7      | Found a sand-covered staircase.
  8299 | Ossuary  | Entered an ossuary
  8727 | D:7      | Found a transporter.
  8742 | D:7      | Found a transporter.
  9230 | D:7      | Reached skill level 11 in Summonings
 10006 | D:8      | Learned a level 3 spell: Summon Guardian Golem
 10011 | D:8      | Learned a level 4 spell: Summon Lightning Spire
 10694 | D:8      | Noticed Maurice
 10725 | D:8      | Reached XP level 10. HP: 60/60 MP: 18/20
 12629 | D:9      | Found Denuh's Assorted Antiques.
 12657 | D:9      | Bought a silvery potion for 23 gold pieces
 12657 | D:9      | Bought a scroll of identify for 52 gold pieces
 12722 | D:9      | Reached skill level 12 in Summonings
 13278 | D:9      | Found a staircase to the Orcish Mines.
 13555 | D:9      | Noticed a two-headed ogre
 14076 | D:9      | Reached skill level 13 in Summonings
 14222 | D:9      | Found a staircase to the Lair.
 14398 | D:9      | Killed a two-headed ogre
 14399 | D:9      | Reached XP level 11. HP: 18/67 MP: 15/22
 14891 | D:2      | Bought a scroll labelled ROLESU OSMEG for 22 gold pieces
 14891 | D:2      | Bought an emerald potion for 19 gold pieces
 14899 | D:2      | Bought a potion of lignification for 36 gold pieces
 14899 | D:2      | Bought a potion of curing for 36 gold pieces
 14899 | D:2      | Bought a potion of curing for 36 gold pieces
 14953 | D:2      | Bought a pair of pitted gloves for 171 gold pieces
 14953 | D:2      | Identified the +0 pair of gloves "Cydduthri" {rF+ rN+} (You
                  | bought it in a shop on level 2 of the Dungeon)
 14953 | D:2      | Bought a dazzling ring mail for 162 gold pieces
 14953 | D:2      | Identified the +7 ring mail of Goipnev {rF+ MP-9 Int+3}
                  | (You bought it in a shop on level 2 of the Dungeon)
 15485 | D:10     | Entered Level 10 of the Dungeon
 15738 | D:10     | Found a burning altar of Makhleb.
 15738 | D:10     | Noticed a cacodemon
 15838 | D:10     | Noticed Snorg
 15920 | D:10     | HP: 1/67 [orc priest/divine providence (10)]
 17360 | Lair:1   | Entered Level 1 of the Lair of Beasts
 17736 | Lair:1   | You are sucked into a shaft and drop 1 floor!
 17815 | Lair:2   | Mangled by a komodo dragon

Illustrated notes

Levels and vault maps discovered:
D:1:      dpeg_arrival_more_subterranean_lakeside_camping, layout_loops_corners,
          minmay_tetromino_t4
D:2:      layout_loops_ring, serial_shops, shop, nicolae_shop_trees,
          nicolae_shop_window_shopping, nicolae_shop_stone, nicolae_shop_stone,
          serial_park_tiny_1, grunt_ministairs_1
D:3:      layout_rooms, kennysheep_decorative_pillar, uniq_robin,
          uniq_crazy_yiuf_cottage
D:4:      layout_loops_ring, goddamned_bats
D:5:      layout_layer_cave, nzn_wu_jian_contemplation,
          yredelemnul_forgotten_temple_becter, mainiacjoe_overflow_big_doors
D:6:      layout_basic, fedhas_bush_and_centaur_altar,
          minmay_temple_entry_large_hall, chequers_serial_rivers_small_b,
          uniq_menkaure
D:7:      gammafunk_steamed_eel, layout_loops_ring, gup_ossuary_entry_pyramid,
          kennysheep_another_room, chequers_garden, small_statue_intersection
D:8:      layout_loops_corners, uniq_maurice
D:9:      layout_rooms, erik_lair_dragon, david_orc_4, serial_shops,
          shop_fountains
D:10:     layout_basic, makhleb_altar_promises_db, kennysheep_dice, uniq_snorg
Temple:   regret_index_temple_sphere_string
Lair:1:   layout_gridlike
Lair:2:   layout_layer_cave, portal_ice_cave_rime

Skill      XL: |  1  2  3  4  5  6  7  8  9 10 |
---------------+-------------------------------+-----
Summonings     | 5 6 7 8 9 11 13 | 13.9
Fighting       | 1 2 3 4 5 7 |  7.7
Dodging        | 3 4 5 7 8 |  8.9
Spellcasting   | 3 4 6 7 |  7.4
Stealth        | |  2.0

Action                   |  1- 3 |  4- 6 |  7- 9 | 10-12 || total
-------------------------+-------+-------+-------+-------++-------
Melee: Unarmed           |    11 |       |       |       ||    11
       Dagger            |    71 |    97 |    62 |       ||   230
       Peck              |     8 |    19 |    69 |    52 ||   148
       Kick              |    20 |    22 |    98 |    82 ||   222
       Whip              |       |       |   248 |   255 ||   503
 Cast: Summon Small Mamm |    23 |    18 |    13 |     1 ||    55
       Call Imp          |     6 |    16 |    12 |     2 ||    36
       Call Canine Famil |       |     1 |    37 |     7 ||    45
       Summon Lightning  |       |       |       |    30 ||    30
       Summon Guardian G |       |       |       |    22 ||    22
Invok: Curse Item        |       |       |     1 |       ||     1
Evoke: Wand              |       |     1 |       |       ||     1
  Use: Scroll            |     1 |     6 |     3 |    16 ||    26
       Potion            |       |       |       |     1 ||     1
 Stab: Sleeping          |     4 |     3 |     6 |       ||    13
       Paralysed         |       |     1 |       |       ||     1
       Distracted        |       |       |     4 |     3 ||     7
Armor: Robe              |    26 |    64 |    93 |    27 ||   210
       Ring mail         |       |       |       |    81 ||    81
Dodge: Dodged            |    56 |   146 |   411 |   333 ||   946

Table legend: (Time is in decaauts)
 A = Elapsed time spent in this place.
 B = Non-inter-level travel time spent in this place.
 C = Inter-level travel time spent in this place.
 D = Time resting spent in this place.
 E = Time spent auto-exploring this place.
 F = Levels seen in this place.
 G = Mean time per level.
                   A        B        C        D        E       F      G
               +--------+--------+--------+--------+--------+-----+--------+
         Total |  17090 |  15957 |   1133 |   1267 |  12245 |  14 | 1220.7 |
       Dungeon |  16087 |  14976 |   1111 |   1022 |  11723 |  10 | 1608.7 |
        Temple |    184 |    163 |     21 |      0 |    143 |   1 |  184.0 |
          Lair |    454 |    454 |      0 |    245 |    108 |   2 |  227.0 |
       Ossuary |    364 |    364 |      0 |      0 |    269 |   1 |  364.0 |
               +--------+--------+--------+--------+--------+-----+--------+

Top non-repeatable levels by time:
     D:8: 2775 daAuts
     D:9: 2605 daAuts
     D:2: 1732 daAuts
     D:4: 1605 daAuts
     D:5: 1399 daAuts
     D:1: 1319 daAuts
     D:3: 1234 daAuts
     D:7: 1222 daAuts
    D:10: 1132 daAuts
     D:6: 1060 daAuts
  Lair:1: 376 daAuts
 Ossuary: 364 daAuts
  Temple: 184 daAuts
  Lair:2: 77 daAuts
